 Dungeon Crawl Stone Soup version 0.30-a0-1016-gfb0d676c02 (webtiles) character file.

Game seed: 6272414720254080894

629 DeathPants the Ruffian (level 7, -1/54 HPs)
             Began as a Vine Stalker Transmuter on Apr 6, 2023.
             Killed from afar by a white imp (3 damage)
             ... with a puff of frost
             ... on level 6 of the Dungeon.
             The game lasted 00:15:30 (4929 turns).

DeathPants the Ruffian (Vine Stalker Transmuter)    Turns: 4929, Time: 00:15:30

Health: -1/54      AC: 23    Str: 15    XL:     7   Next: 48%
Magic:  0/14       EV:  2    Int: 13    God:
Gold:   196        SH:  0    Dex: 14    Spells: 6/14 levels left

rFire   . . .      SeeInvis .      - Unarmed
rCold   + . .      Faith    .    (no shield)
rNeg    . . .      Spirit   +    a - melded +0 robe
rPois   +          Reflect  .    z - melded +0 helmet
rElec   .          Rampage  .    (cloak currently unavailable)
rCorr   .          NoTele   +    g - melded +1 pair of gloves
Will    .....                    (boots currently unavailable)
Stlth   +                        (no amulet)
HPRegen 1.09/turn                v - ring of protection from cold
MPRegen 0.14/turn                (no ring)

@: lethally poisoned (-1 -> -1), tree-form
A: stationary, stasis, torment immunity, boosted hp, (fangs 2), regeneration 1,
magic shield, (antimagic bite), no potion heal 2
a: no special abilities


You were on level 6 of the Dungeon.
You were a tree.
You visited 1 branch of the dungeon, and saw 6 of its levels.

You collected 196 gold pieces.

Inventory:

Hand Weapons
 w - a +4 quarterstaff
Missiles
 h - a throwing net
 s - 6 poisoned darts
 C - 5 boomerangs
Armour
 a - a +0 robe (melded)
 d - a +0 leather armour
 g - a +1 pair of gloves (melded)
 y - a +3 ring mail
 z - a +0 helmet (melded)
Jewellery
 r - a ring of see invisible
 v - a ring of protection from cold (left branch)
Wands
 u - a wand of quicksilver (10)
Potions
 c - a potion of resistance
 e - a potion of attraction
 f - a potion of brilliance
 i - 3 potions of curing {unknown}
 j - 2 potions of heal wounds {unknown}
 l - 2 potions of cancellation {unknown}
 m - a potion of mutation {unknown}
 n - 2 potions of haste {unknown}
 p - a potion of invisibility {unknown}
 t - a potion of flight {unknown}
 A - a potion of berserk rage {unknown}


   Skills:
 + Level 3.1 Fighting
 + Level 3.2 Dodging
 + Level 4.6 Unarmed Combat
 + Level 4.1 Spellcasting
 + Level 3.9 Transmutations


You had 6 spell levels left.
You knew the following spells:

 Your Spells              Type           Power      Damage    Failure   Level
a - Beastly Appendage     Tmut           24%        N/A       4%          1
b - Wereblood             Tmut           12%        N/A       6%          2
c - Blade Hands           Tmut           6%         N/A       75%         5

Your spell library contained the following spells:

 Spells                   Type           Power      Damage    Failure   Level
 Necrotise                Necr           8%         1d4       21%         1
 Summon Small Mammal      Summ           8%         N/A       21%         1
 Spider Form              Tmut/Pois      7%         N/A       26%         3
 Call Canine Familiar     Summ           2%         N/A       52%         3
 Dazzling Flash           Conj/Hex       4%         N/A       52%         3
 Portal Projectile        Hex/Tloc       4%         N/A       52%         3
 Summon Guardian Golem    Hex/Summ       2%         N/A       52%         3
 Tukima's Dance           Hex            2%         N/A       52%         3
 Vampiric Draining        Necr           2%         2d6       52%         3
 Volatile Blastmotes      Fire/Tloc      4%         2d10      52%         3
 Ice Form                 Ice/Tmut       7%         N/A       65%         4
 Iskenderun's Mystic Bla  Conj/Tloc      2%         2d3       90%         4
 Agony                    Necr           2%         N/A       99%         5
 Starburst                Conj/Fire      1%         6d3       100%        6


Dungeon Overview and Level Annotations

Branches:
Dungeon (6/15)
 Temple: D:4-7

Altars:
Kikubaaqudgha
Makhleb
Zin
The Shining One

Shops:
D:1 [

Annotations:
D:6 Grinder


Innate Abilities, Weirdness & Mutations

You are a tree.
Your roots penetrate the ground, keeping you stationary.
You cannot be teleported.
You are immune to unholy pain and torment.
Your maximum health is greatly increased.
Your equipment is partially melded.
((You have extremely sharp teeth.))
Your natural rate of healing is unusually fast.
When hurt, damage is shared between your health and your magic reserves.
((Your bite disrupts and absorbs the magic of your enemies.))
Potions cannot restore your health.


Message History

You closely miss the adder. Your bite misses the adder.
The adder closely misses you. The adder bites you but does no damage.
You hit the adder but do no damage. Your bite misses the adder.
Grinder blinks!
The adder bites you but does no damage.
You punch the adder! Your bite misses the adder.
The adder is heavily wounded.
The white imp sputters.
The adder barely misses you.
You miss the adder.
The adder is heavily wounded.
The adder bites you.
You closely miss the adder.
The adder is heavily wounded.
The adder bites you.
You closely miss the adder. You punch the adder, but do no damage.
Your bite misses the adder.
The adder is heavily wounded.
The adder bites you but does no damage. The adder bites you.
You are poisoned.
The adder poisons you!
You closely miss the adder. You bite the adder. You drain its power.
You feel invigorated.
The adder is almost dead.
You feel sick.
Grinder blinks!
The adder bites you.
* * * LOW HITPOINT WARNING * * *
You closely miss the adder. You bite the adder.
You kill the adder!
You feel sick. Grinder hits you.
* * * LOW HITPOINT WARNING * * *
You writhe in agony.
* * * LOW HITPOINT WARNING * * *
You aren't carrying any scrolls.
Really quaff the potion of lignification?
You turn into a tree.
Your +0 helmet melds into your body.
Your +1 pair of gloves melds into your body.
Your +0 robe melds into your body.
Your roots penetrate the ground.
You feel sick. The white imp gestures at you. The puff of frost hits you.
You resist.
You die...

#..<# #..5#
#.5.# ##.#####
#######.#...##
............#
#..##.#.....
#.#####..#.....#
#...5♣5W....#
#.##.##..##.# #.
#.......
.....###.###
.####.# .# ..
#.# .. #. .(# ..
#. ### ..


You could see Grinder, a phantom and a white imp.

Vanquished Creatures
  An ice beast (D:4)
  A black bear (D:4)
  A howler monkey (D:4)
  2 orc priests
  A gnoll bouda (D:5)
  2 iguanas
  2 orc wizards (D:3)
  5 gnolls (D:5)
  5 adders
  4 worms
  4 dart slugs
  13 orcs
  8 ball pythons
  8 bats
  9 endoplasms
  7 giant cockroaches
  8 hobgoblins
  3 kobolds
  3 quokkas
  4 frilled lizards
  11 goblins
  3 rats (D:1)
105 creatures vanquished.

Notes
Turn   | Place    | Note
-------+----------+-------------------------------------------
     0 | D:1      | DeathPants the Vine Stalker Transmuter began the quest for
                  | the Orb.
     0 | D:1      | Reached XP level 1. HP: 9/9 MP: 4/4
    28 | D:1      | Reached skill level 1 in Fighting
    79 | D:1      | Reached XP level 2. HP: 14/14 MP: 4/6
   119 | D:1      | Found Opseorph's Antique Armour Shop.
   382 | D:2      | Reached XP level 3. HP: 10/18 MP: 3/7
  1287 | D:2      | Gained mutation: Your natural rate of healing is unusually
                  | fast. [Vine Stalker growth]
  1287 | D:2      | Reached XP level 4. HP: 19/23 MP: 7/9
  1429 | D:2      | Learned a level 2 spell: Wereblood
  2281 | D:3      | Reached XP level 5. HP: 26/26 MP: 8/10
  2642 | D:3      | Found a glowing golden altar of the Shining One.
  2648 | D:3      | Found an ancient bone altar of Kikubaaqudgha.
  3279 | D:3      | Reached XP level 6. HP: 30/30 MP: 8/12
  3636 | D:5      | Entered Level 5 of the Dungeon
  3735 | D:4      | Noticed a black bear
  3742 | D:4      | Killed a black bear
  3853 | D:4      | Noticed an ice beast
  3866 | D:4      | Killed an ice beast
  3946 | D:4      | Learned a level 5 spell: Blade Hands
  3954 | D:4      | Reached XP level 7. HP: 35/35 MP: 11/13
  4244 | D:4      | Found a burning altar of Makhleb.
  4380 | D:4      | Found a glowing silver altar of Zin.
  4781 | D:6      | Noticed Grinder
  4928 | D:6      | HP: 1/36 [Grinder (5)]
  4929 | D:6      | Killed from afar by a white imp

Illustrated notes

Levels and vault maps discovered:
D:1:      minmay_arrival_solitary_statue, layout_loops_corners, serial_shops,
          shop
D:2:      layout_loops_ring, nicolae_hexahallways, st_stairs_3
D:3:      layout_basic, jmf_multi_god_temple
D:4:      layout_cave_pods, lemuel_coloured_pillars_altar,
          nicolae_overflow_crystal_walls
D:5:      layout_loops_ring, grunt_temple_overflow_open
D:6:      layout_loops_cross, chequers_ossuary_entry_cave,
          chequers_serial_rivers_room_b, uniq_grinder

Skill      XL: |  1  2  3  4  5  6  7 |
---------------+----------------------+-----
Fighting       | 1 2 3 |  3.1
Dodging        | 2 3 |  3.2
Spellcasting   | 3 4 |  4.1
Transmutations | 3 |  3.9
Unarmed Combat | 4 |  4.6

Action                     |  1- 3 |  4- 6 |  7- 9 || total
---------------------------+-------+-------+-------++-------
  Melee: Unarmed           |    62 |   145 |    57 ||   264
         Kick              |    19 |    22 |     9 ||    50
         Headbutt          |     7 |    16 |     8 ||    31
         Bite              |    12 |    30 |    10 ||    52
         Punch             |     3 |     5 |     3 ||    11
  Throw: Dart              |       |     4 |       ||     4
   Cast: Beastly Appendage |    23 |    26 |     6 ||    55
         Wereblood         |       |     2 |     2 ||     4
  Evoke: Wand              |       |     3 |       ||     3
    Use: Scroll            |       |    11 |     3 ||    14
         Potion            |       |       |     2 ||     2
   Stab: Sleeping          |     1 |     3 |       ||     4
 Armour: Robe              |     4 |    28 |    13 ||    45
  Dodge: Dodged            |    28 |    97 |    31 ||   156

Table legend: (Time is in decaauts)
 A = Elapsed time spent in this place.
 B = Non-inter-level travel time spent in this place.
 C = Inter-level travel time spent in this place.
 D = Time resting spent in this place.
 E = Time spent auto-exploring this place.
 F = Levels seen in this place.
 G = Mean time per level.
                   A        B        C        D        E       F      G
               +--------+--------+--------+--------+--------+-----+--------+
         Total |   4913 |   4748 |    165 |    518 |   3122 |   6 |  818.8 |
       Dungeon |   4913 |   4748 |    165 |    518 |   3122 |   6 |  818.8 |
               +--------+--------+--------+--------+--------+-----+--------+

Top non-repeatable levels by time:
     D:3: 1426 daAuts
     D:2: 1132 daAuts
     D:1: 1036 daAuts
     D:4: 957 daAuts
     D:5: 334 daAuts
     D:6: 26 daAuts
